 Dungeon Crawl Stone Soup version 0.24-a0-235-g3f03afc (webtiles) character file.

Game seed: 459893639827770375

2490 Gunnerkreig the Conjurer (level 9, -3/59 HPs)
             Began as an Octopode Wizard on Apr 8, 2019.
             Was a Believer of Vehumet.
             Slain by Harold
             ... wielding a +0 glaive
              (13 damage)
             ... on level 9 of the Dungeon.
             The game lasted 00:31:21 (10441 turns).

Gunnerkreig the Conjurer (Octopode Wizard)         Turns: 10441, Time: 00:31:22

Health: -3/59      AC:  2    Str: 11    XL:     9   Next: 52%
Magic:  6/25       EV: 18    Int: 22    God:    Vehumet [**....]
Gold:   144        SH:  0    Dex: 10    Spells: 6/17 levels left

rFire    . . .     SeeInvis .   D - +4 trident "Miczyaguop" {flame, rElec}
rCold    . . .     Gourm    .   (no shield)
rNeg     + . .     Faith    .   a - +1 hat
rPois    .         Spirit   .   h - amulet of the acrobat
rElec    +         Reflect  .   l - ring of magical power
rCorr    .         Harm     .   t - ring of positive energy
MR       .....                  y - +4 ring of evasion
Stlth    ++++......             B - +3 ring of strength
HPRegen  0.19/turn              (no ring)
MPRegen  0.19/turn              (no ring)
                                (no ring)
                                (no ring)

@: no status effects
A: almost no armour, stealthy swim, amphibious, 8 rings, constrict 8, camouflage
1, gelatinous body 1
a: Renounce Religion


You were on level 9 of the Dungeon.
You worshipped Vehumet.
Vehumet was pleased with you.
You were not hungry.

You visited 2 branches of the dungeon, and saw 10 of its levels.

You collected 389 gold pieces.
You spent 245 gold pieces at shops.

Inventory:

Hand Weapons
 s - a +2 mace of protection
 D - the +4 trident "Miczyaguop" (weapon) {flame, rElec}
   (You bought it in a shop on level 7 of the Dungeon)

   It has been specially enchanted to burn those struck by it, causing extra
   injury to most foes and up to half again as much damage against particularly
   susceptible opponents.
   It insulates you from electricity.
 G - the +9 hunting sling "Lyhuw" {speed, Stlth+}
   (You found it on level 7 of the Dungeon)

   Attacks with this weapon are significantly faster.
   It makes you more stealthy.
Missiles
 b - 241 stones (quivered)
 d - 4 javelins
 r - a throwing net
 H - 66 sling bullets
Armour
 a - a +1 hat (worn)
Jewellery
 h - an amulet of the acrobat (around mantle)
 l - a ring of magical power (left tentacle)
 t - a ring of positive energy (right tentacle)
 y - a +4 ring of evasion (on tentacle)
 B - a +3 ring of strength (on tentacle)
Wands
 q - a wand of digging (2)
 z - a wand of disintegration (16)
 E - a wand of paralysis (8)
 I - a wand of iceblast (11)
 J - a wand of polymorph (8)
Scrolls
 e - a scroll of immolation
 f - 3 scrolls of teleportation
 g - a scroll of fear
 j - 2 scrolls of magic mapping
 k - 3 scrolls of remove curse
 u - 2 scrolls of amnesia
 v - a scroll of enchant armour
 w - a scroll of fog
 x - a scroll of enchant weapon
 C - 2 scrolls of identify
Potions
 i - 4 potions of heal wounds
 m - a potion of berserk rage
 n - a potion of brilliance
 o - 3 potions of might
 A - a potion of agility
 F - 2 potions of curing
Comestibles
 c - 12 rations
 p - 5 chunks of flesh


   Skills:
 + Level 4.7 Fighting
 + Level 4.7 Dodging
 - Level 5.0 Stealth
 + Level 4.9 Spellcasting
 * Level 7.4 Conjurations
 - Level 2.0 Summonings
 - Level 1.0 Translocations
 - Level 3.3 Fire Magic
 - Level 3.3 Air Magic
 - Level 1.0 Poison Magic


You had 6 spell levels left.
You knew the following spells:

 Your Spells              Type           Power        Failure   Level  Hunger
a - Magic Dart            Conj           ####         1%          1    None
b - Conjure Flame         Conj/Fire      ####....     3%          3    ##.....
c - Mephitic Cloud        Conj/Pois/Air  ###.....     6%          3    ##.....
w - Call Imp              Summ           ##......     7%          2    None
y - Blink                 Tloc           N/A          10%         2    None

Your spell library contained the following spells:

 Spells                   Type           Power        Failure   Level  Hunger
 Throw Frost              Conj/Ice       ###...       3%          2    None
 Slow                     Hex            #.......     16%         2    None


Dungeon Overview and Level Annotations

Branches:
Dungeon (9/15)             Temple (1/1) D:4
   Lair: D:8-11         Orc: D:9-12

Altars:
Ashenzari
Cheibriados
Dithmenos
Elyvilon
Fedhas
Gozag
Hepliaklqana
Kikubaaqudgha
Makhleb
Nemelex Xobeh
Okawaru
Qazlal
Ru
Sif Muna
Trog
Uskayaw
Vehumet
Wu Jian
Xom
Yredelemnul
Zin
The Shining One

Shops:
D:7 (   D:8 *=*:

Annotations:
D:8 ghost and scary hydra, gosmar's ghost, novice MiCK
D:9 Harold


Innate Abilities, Weirdness & Mutations

You cannot wear most types of armour.
You are very stealthy in the water. (Stealth+)
You are amphibious.
You can wear up to eight rings at the same time.
You can use your tentacles to constrict eight enemies at once.
Your skin changes colour to match your surroundings (Stealth+).
Your rubbery body absorbs attacks. (AC +1, EV +1)


Message History

The stinking cloud engulfs Harold but does no damage.
Harold is moderately wounded.
You hear an angry growl.
Harold is engulfed in noxious fumes.
Harold completely misses you.
Harold is engulfed in noxious fumes.
Harold appears confused.
You hit Harold. You burn Harold. You grab Harold.
Harold is moderately wounded.
You constrict Harold, but do no damage.
Harold is engulfed in blazing flames.
Harold hits you with a +0 glaive!!
* * * LOW HITPOINT WARNING * * *
You hit Harold but do no damage. You squeeze Harold, but do no damage.
Harold is heavily wounded.
You constrict Harold.
Harold is engulfed in blazing flames.
Harold hits you with a +0 glaive.
* * * LOW HITPOINT WARNING * * *
You hit Harold. You burn Harold.
Harold is severely wounded.
You constrict Harold.
Harold is engulfed in blazing flames.
Harold hits you with a +0 glaive!
You die...

.........#
#.[......#
#%.......#
##.##........###
..............@.
#.###.°)....#
#....°.#.####
#.####@#...
#...##@#.##.#
##.#.##.#.# ..
#.......#.. ..
#..<..(.#.. #
#.##.##.#.# #
#........
####....# #....#
.....#


You could see Harold (confused).

Vanquished Creatures
  Menkaure (D:6)
  Duvessa (D:7)
  2 sky beasts
  An orc warrior (D:8)
  2 ogres (D:5)
  5 centaurs
  A crocodile (D:8)
  2 bullfrogs
  Dowan (D:7)
  A scorpion (D:7)
  4 howler monkeys
  A bullfrog zombie (D:5)
  2 crimson imps
  2 jellies
  A hound (D:5)
  Crazy Yiuf (D:3)
  2 bullfrog skeletons (D:6)
  Jessica (D:2)
  A centaur skeleton (D:4)
  3 orc wizards
  8 worker ants
  2 hound zombies
  A worker ant zombie (D:5)
  7 gnolls
  12 adders
  A howler monkey skeleton (D:6)
  3 shadow imps
  2 oozes
  2 worms (D:2)
  3 dart slugs
  2 leopard geckos
  18 orcs
  A ball python (D:2)
  5 bats
  6 giant cockroaches
  12 goblins
  9 hobgoblins
  20 jackals
  4 quokkas
  3 frilled lizards
  7 kobolds
  A quokka skeleton (D:5)
  11 rats
175 creatures vanquished.

Vanquished Creatures (others)
  2 plants (D:8)
2 creatures vanquished.

Grand Total: 177 creatures vanquished

Notes
Turn   | Place    | Note
-------+----------+-------------------------------------------
     0 | D:1      | Gunnerkreig the Octopode Wizard began the quest for the
                  | Orb.
     0 | D:1      | Reached XP level 1. HP: 11/11 MP: 4/4
   182 | D:1      | Reached XP level 2. HP: 3/17 MP: 0/6
  1189 | D:1      | Reached skill level 2 in Conjurations
  1277 | D:1      | Reached XP level 3. HP: 21/21 MP: 3/7
  1577 | D:2      | Found a faded altar of an unknown god.
  1894 | D:2      | Noticed Jessica
  1919 | D:2      | Killed Jessica
  1919 | D:2      | Reached XP level 4. HP: 21/27 MP: 3/8
  2330 | D:2      | Learned a level 3 spell: Conjure Flame
  2337 | D:2      | Reached skill level 5 in Stealth
  2337 | D:2      | Reached skill level 3 in Conjurations
  2430 | D:2      | Learned a level 3 spell: Mephitic Cloud
  2433 | D:2      | Learned a level 2 spell: Call Imp
  2733 | D:2      | Reached XP level 5. HP: 8/31 MP: 2/9
  3215 | D:2      | Reached skill level 4 in Conjurations
  3549 | D:3      | Reached skill level 1 in Poison Magic
  3682 | D:3      | Reached skill level 1 in Fighting
  3682 | D:3      | Reached skill level 1 in Fire Magic
  3682 | D:3      | Reached skill level 1 in Air Magic
  3682 | D:3      | Reached XP level 6. HP: 29/38 MP: 10/10
  3877 | D:3      | Found a sacrificial altar of Ru.
  4074 | D:3      | Noticed a sky beast
  4077 | D:3      | Killed a sky beast
  4441 | D:3      | Found a runed translucent door.
  4442 | D:3      | Noticed Crazy Yiuf
  4550 | D:3      | Killed Crazy Yiuf
  4685 | D:4      | Reached XP level 7. HP: 45/45 MP: 11/11
  4888 | D:4      | Found a staircase to the Ecumenical Temple.
  5180 | Temple   | Entered the Ecumenical Temple
  5271 | Temple   | Became a worshipper of Vehumet
  5290 | D:5      | Entered Level 5 of the Dungeon
  6054 | D:5      | Reached XP level 8. HP: 51/51 MP: 10/13
  6257 | D:5      | Reached skill level 5 in Conjurations
  6484 | D:5      | Found a radiant altar of Vehumet.
  7027 | D:6      | Noticed Menkaure
  7100 | D:6      | Reached * piety under Vehumet
  7100 | D:6      | Offered knowledge of Flame Tongue by Vehumet.
  7397 | D:6      | Killed Menkaure
  7453 | D:6      | Learned a level 2 spell: Blink
  7518 | D:6      | Reached skill level 6 in Conjurations
  7737 | D:7      | Found Xeakk's Antique Weapon Shop.
  7741 | D:7      | Bought a translucent trident for 221 gold pieces
  7741 | D:7      | Identified the +4 trident "Miczyaguop" {flame, rElec} (You
                  | bought it in a shop on level 7 of the Dungeon)
  8263 | D:7      | Found a deep blue altar of Sif Muna.
  8414 | D:7      | Reached XP level 9. HP: 58/58 MP: 15/15
  8476 | D:7      | Noticed Duvessa
  8480 | D:7      | Noticed Dowan
  8490 | D:7      | Killed Duvessa
  8495 | D:7      | Killed Dowan
  8784 | D:7      | Got an ebony hunting sling
  8785 | D:7      | Identified the +9 hunting sling "Lyhuw" {speed, Stlth+}
                  | (You found it on level 7 of the Dungeon)
  9384 | D:8      | Found a runed translucent gate.
  9384 | D:8      | Found a runed translucent gate.
  9384 | D:8      | Found a runed translucent gate.
  9387 | D:8      | Noticed gosmar's ghost (novice MiCK)
  9388 | D:8      | Noticed an 11-headed hydra
  9438 | D:8      | Found Aneoth's Jewellery Emporium.
  9514 | D:8      | Offered knowledge of Throw Frost by Vehumet.
  9515 | D:8      | Found Wodghim's General Store.
  9540 | D:8      | Bought a scroll of identify for 24 gold pieces
  9557 | D:8      | Reached ** piety under Vehumet
  9634 | D:8      | Found Kaim's General Store.
  9746 | D:8      | Found Mas Rumu's Book Boutique.
 10011 | D:8      | Reached skill level 7 in Conjurations
 10403 | D:9      | Noticed Harold
 10441 | D:9      | Slain by Harold

Levels and vault maps discovered:
D:1:      dpeg_arrival_water_temple_mockup, layout_basic
D:2:      layout_basic, chequers_ecumenical_altar_simple, uniq_jessica
D:3:      layout_rooms, chequers_serial_rivers_marsh, minmay_misc_feat_enclosed,
          nicolae_ru_the_path_less_chosen, uniq_crazy_yiuf_cottage
D:4:      layout_rooms, minmay_temple_entry_glass
D:5:      layout_gridville, basic_altar, first_ration,
          chequers_serial_rivers_micro_a
D:6:      layout_basic, uniq_menkaure
D:7:      layout_loops_corners, old_standard_altar, serial_shops, shop,
          uniq_duvessa
D:8:      layout_loops_corners, serial_shops, nicolae_shop_crystal,
          nicolae_shop_window_shopping, shop, shop, gammafunk_ghost_hydra_chop
D:9:      layout_loops_cross, serial_shops, shop, hangedman_pestilent_swarm,
          serial_bayou_pond_e, chequers_serial_rivers_micro_b, uniq_harold
Temple:   grunt_wide_crystal_templ

Skill      XL: |  1  2  3  4  5  6  7  8  9 |
---------------+----------------------------+-----
Stealth        | 3 4 5 |  5.0
Conjurations   | 2 3 4 6 7 |  7.4
Poison Magic   | 1 |  1.0
Fighting       | 1 2 3 4 |  4.7
Fire Magic     | 1 2 3 |  3.3
Air Magic      | 1 2 3 |  3.3
Summonings     | 2 |  2.0
Dodging        | 3 4 |  4.7
Spellcasting   | 4 |  4.9
Translocations | |  1.0

Action                   |  1- 3 |  4- 6 |  7- 9 || total
-------------------------+-------+-------+-------++-------
Melee: Unarmed           |    18 |       |       ||    18
       Constrict         |     9 |    10 |    19 ||    38
       Tentacles         |     3 |     4 |     9 ||    16
       Short sword       |    15 |    16 |       ||    31
       Mace              |       |    24 |    48 ||    72
       Trident           |       |     4 |    42 ||    46
 Fire: Hunting sling     |       |       |    53 ||    53
 Cast: Magic Dart        |    67 |   127 |   215 ||   409
       Conjure Flame     |       |     4 |    14 ||    18
       Mephitic Cloud    |       |     2 |    12 ||    14
       Call Imp          |       |     1 |       ||     1
  Use: Scroll            |       |       |    17 ||    17
       Potion            |       |       |     2 ||     2
 Stab: Sleeping          |       |     2 |       ||     2
       Confused          |       |       |     3 ||     3
  Eat: Chunk             |     3 |     8 |    20 ||    31
Armor: Skin              |     4 |     7 |     9 ||    20
Dodge: Dodged            |    25 |    42 |    92 ||   159

Table legend:
 A = Non-vault XP
 B = Vault XP
 C = Vault XP percentage of total XP
 D = Non-vault monster count
 E = Vault monster count
 F = Vault count percentage of total count
                 A         B        C        D         E       F
            +---------+---------+-------+---------+---------+-------
      Total |    3154 |     404 |  11.4 |     170 |       5 |   2.9
            +---------+---------+-------+---------+---------+-------
        D:1 |      37 |       0 |   0.0 |      20 |       0 |   0.0
        D:2 |     173 |      37 |  17.6 |      32 |       1 |   3.0
        D:3 |     321 |      38 |  10.6 |      31 |       1 |   3.1
        D:4 |     135 |       0 |   0.0 |      14 |       0 |   0.0
        D:5 |     923 |       0 |   0.0 |      27 |       0 |   0.0
        D:6 |     248 |     157 |  38.8 |       9 |       1 |  10.0
        D:7 |     444 |     172 |  27.9 |      14 |       2 |  12.5
        D:8 |     577 |       0 |   0.0 |      19 |       0 |   0.0
        D:9 |     296 |       0 |   0.0 |       4 |       0 |   0.0
            +---------+---------+-------+---------+---------+-------
